 Dungeon Crawl Stone Soup version 0.26-a0-1213-gd52f5182fe (webtiles) character file.

Game seed: 9008768032012628968

176 Anias the Sneak (level 5, -5/35 HPs)
             Began as an Octopode Wanderer on Dec 30, 2020.
             Was a Follower of Ashenzari.
             Slain by a river rat (6 damage)
             ... in a sewer.
             The game lasted 00:06:47 (2936 turns).

Anias the Sneak (Octopode Wanderer)                 Turns: 2936, Time: 00:06:48

Health: -5/35      AC:  1    Str: 11    XL:     5   Next: 56%
Magic:  0/8        EV: 14    Int: 13    God:    Ashenzari [*.....]
Gold:   159        SH:  0    Dex: 14    Spells: 8/8 levels left

rFire    . . .     SeeInvis .   a - +3 quarterstaff
rCold    . . .     Faith    .   (shield currently unavailable)
rNeg     . . .     Spirit   +   (helmet restricted)
rPois    .         Reflect  .   u - amulet of guardian spirit
rElec    .         Harm     .   (no ring)
rCorr    .         Rampage  .   (no ring)
Will     .....                  (no ring)
Stlth    ++++......             (no ring)
HPRegen  0.11/turn              (no ring)
MPRegen  0.11/turn              (no ring)
                                (no ring)
                                (no ring)

@: no status effects
A: almost no armour, stealthy swim, amphibious, 8 rings, constrict 8, camouflage
1, gelatinous body 1
a: Renounce Religion, Curse Item, Scrying


You were in a sewer.
You worshipped Ashenzari.
Ashenzari was aware of your devotion.
You visited 1 branch of the dungeon, and saw 4 of its levels.
You also visited: Sewer.

You collected 159 gold pieces.

Inventory:

Hand Weapons
 a - a +3 quarterstaff (weapon)
Missiles
 p - 5 boomerangs (quivered)
Magical Staves
 r - an uncursed staff of conjuration
Jewellery
 u - an amulet of guardian spirit (around mantle)
 v - an uncursed ring of stealth
Wands
 o - a wand of polymorph (8)
 t - a wand of flame (15)
Scrolls
 c - a scroll of fog
 d - a scroll of remove curse
 f - a scroll of immolation
 l - a scroll of amnesia
Potions
 b - 4 potions of curing
 e - 2 potions of brilliance {unknown}
 h - a potion of ambrosia {unknown}
 k - a potion of resistance {unknown}
 m - 2 potions of might {unknown}
 s - a potion of haste {unknown}


   Skills:
 + Level 2.5 Fighting
 + Level 3.9 Staves
 + Level 2.6 Dodging
 + Level 3.9 Stealth
 - Level 2.1 Spellcasting
 - Level 1.0 Translocations
 - Level 1.1 Evocations


You had 8 spell levels left.
You didn't know any spells.
Your spell library was empty.

Dungeon Overview and Level Annotations

Branches:
Dungeon (4/15)             Temple (0/1) D:4           Sewer (1/1)

Altars:
Ashenzari


Innate Abilities, Weirdness & Mutations

You cannot wear most types of armour.
You are very stealthy in the water. (Stealth+)
You are amphibious.
You can wear up to eight rings at the same time.
You can use your tentacles to constrict eight enemies at once.
Your skin changes colour to match your surroundings (Stealth+).
Your rubbery body absorbs attacks. (AC +1, EV +1)


Message History

Your squeeze misses the river rat. The river rat bites you. x2
* * * LOW HITPOINT WARNING * * *
You barely miss the river rat. Your grab misses the river rat.
The river rat closely misses you. The river rat barely misses you.
You hit the river rat but do no damage. You grab the river rat.
You squeeze the river rat.
The river rat is lightly wounded.
You constrict the river rat, but do no damage.
The river rat barely misses you. The river rat closely misses you.
You barely miss the river rat.
You squeeze the river rat, but do no damage.
The river rat is lightly wounded.
You constrict the river rat. The river rat barely misses you.
The river rat closely misses you.
You hit the river rat.
The river rat is severely wounded.
You constrict the river rat. The river rat bites you!
* * * LOW HITPOINT WARNING * * *
The river rat misses you. The river rat bites you!
You die...

#...≈≈≈≈≈
##....≈≈≈≈
##....≈≈≈≈≈
#.....≈.≈≈≈≈
#.......≈≈≈≈
#......≈≈≈≈≈
#†rr..≈.≈≈≈
#.@.....≈≈≈
##.....≈≈≈≈
####.......≈≈
#∩###......≈≈
#.###......≈≈
#..#.......≈≈
##........≈≈≈
##.......≈≈≈
##.....≈.≈≈


You could see 2 river rats.

Vanquished Creatures
  An orc wizard (D:2)
  3 river rats
  2 adders
  An ooze (D:1)
  2 worms (D:2)
  2 leopard geckos (D:2)
  4 orcs
  5 giant cockroaches
  9 goblins
  6 hobgoblins
  16 jackals
  4 quokkas (D:2)
  6 bats
  5 frilled lizards
  7 kobolds
  5 rats
78 creatures vanquished.

Notes
Turn   | Place    | Note
-------+----------+-------------------------------------------
     0 | D:1      | Anias the Octopode Wanderer began the quest for the Orb.
     0 | D:1      | Anias set off with the following items: a +2 quarterstaff,
                  | 2 potions of curing
     0 | D:1      | Reached XP level 1. HP: 13/13 MP: 3/3
   328 | D:1      | Reached XP level 2. HP: 18/18 MP: 5/5
   617 | D:1      | Reached XP level 3. HP: 23/23 MP: 6/6
  1249 | D:2      | Found a faded altar of an unknown god.
  1261 | D:2      | Became a worshipper of Ashenzari the Shackled
  1261 | D:2      | Reached * piety under Ashenzari
  1314 | D:2      | Reached XP level 4. HP: 29/29 MP: 7/7
  1720 | D:2      | Reached XP level 5. HP: 17/34 MP: 8/8
  2806 | D:4      | Found a glowing drain.
  2810 | Sewer    | Entered a sewer
  2936 | Sewer    | HP: 1/35 [river rat (6)]
  2936 | Sewer    | Slain by a river rat

Illustrated notes

Levels and vault maps discovered:
D:1:      mrwooster_arrival_arrow, layout_basic, minmay_misc_feat_alley
D:2:      layout_loops_cross, chequers_ecumenical_altar_island,
          minmay_heptomino_h4
D:3:      layout_basic
D:4:      layout_loops_ring, temple_green, gup_sewer_entry_bowl,
          kennysheep_boxes, uniq_sigmund, uniq_blork_the_orc
Sewer:    sewer_minmay_treatment

Skill      XL: |  1  2  3  4 |
---------------+-------------+-----
Stealth        | 2 3 |  3.9
Dodging        | 2 |  2.6
Fighting       | 2 |  2.5
Staves         | |  3.9
Spellcasting   | |  2.1
Translocations | |  1.0
Evocations     | |  1.1

Action                   |  1- 3 |  4- 6 || total
-------------------------+-------+-------++-------
Melee: Quarterstaff      |    70 |    71 ||   141
       Constrict         |    15 |    18 ||    33
       Tentacles         |     6 |    11 ||    17
  Use: Scroll            |       |     7 ||     7
 Stab: Sleeping          |     7 |    12 ||    19
Armor: Skin              |     6 |     4 ||    10
Dodge: Dodged            |    49 |    63 ||   112

Table legend: (Time is in decaauts)
 A = Elapsed time spent in this place.
 B = Non-inter-level travel time spent in this place.
 C = Inter-level travel time spent in this place.
 D = Time resting spent in this place.
 E = Time spent auto-exploring this place.
 F = Levels seen in this place.
 G = Mean time per level.
                   A        B        C        D        E       F      G
               +--------+--------+--------+--------+--------+-----+--------+
         Total |   2952 |   2891 |     61 |      0 |   2359 |   5 |  590.4 |
       Dungeon |   2826 |   2765 |     61 |      0 |   2249 |   4 |  706.5 |
         Sewer |    126 |    126 |      0 |      0 |    110 |   1 |  126.0 |
               +--------+--------+--------+--------+--------+-----+--------+

Top non-repeatable levels by time:
     D:1: 1125 daAuts
     D:2: 1090 daAuts
     D:3: 581 daAuts
   Sewer: 126 daAuts
     D:4: 28 daAuts
